[ AOE2 MATCH · #507234418 ]
UnrankedJurchens vs Huns
Player's team · LOSS
Rival team · WIN
[ REPLAY ANALYSIS · EXTRACTED FROM THE RECORDED GAME ]
Feudal
11:47
Castle
17:02
Imperial
43:41
| APM avg | 45.6 |
| APM peak | 88 |
| eAPM avg | 28.6 |
| Villagers / military | 180 / 95 |
Focus
⚔️ 38.1% · 🌾 61.9%
Fire Lancer ×52 · Steppe Lancer ×25 · Scorpion ×6 · Iron Pagoda ×5 · Militia ×3 · Trebuchet (Packed) ×3
Feudal
8:59
Castle
23:23
Imperial
44:02
| APM avg | 42.6 |
| APM peak | 72 |
| eAPM avg | 22.7 |
| Villagers / military | 143 / 172 |
Focus
⚔️ 44.6% · 🌾 55.4%
Cavalry Archer ×55 · Archer ×46 · Militia ×18 · Spearman ×17 · Scout Cavalry ×15 · Mangonel ×8
Match map
Initial resources + every placement click. Lines = walls · curves = elevation contours. ◆ gold · ⬟ stone · ● berries · ✦ relic · ◌ wall gap
Your base· ✓ Closed at 17:02 · 50t walls · no gate
Sekov's base· Open — opponent sealed themselves in
Smoothed initial terrain · ◌ = detected wall gap · hover for details
Inputs per minute
— Hoppsywins - - Sekov
Build order — Hoppsywins
First 150 of 422 actions detected
| 0:00 | Queue | Villager (Male) |
| 0:00 | Queue | Villager (Male) |
| 0:02 | Build | House |
| 0:03 | Build | House |
| 0:07 | Queue | Villager (Male) |
| 0:16 | Queue | Villager (Male) |
| 1:24 | Queue | Villager (Male) |
| 1:44 | Build | Lumber Camp |
| 1:50 | Queue | Villager (Male) |
| 2:06 | Queue | Villager (Male) |
| 2:28 | Queue | Villager (Male) |
| 2:56 | Queue | Villager (Male) |
| 3:30 | Queue | Villager (Male) |
| 3:36 | Build | House |
| 3:39 | Queue | Villager (Male) |
| 4:10 | Queue | Villager (Male) |
| 4:25 | Queue | Villager (Male) |
| 4:31 | Build | House |
| 4:57 | Build | Barracks |
| 5:00 | Queue | Villager (Male) |
| 5:32 | Build | House |
| 5:38 | Queue | Villager (Male) |
| 5:49 | Queue | Villager (Male) |
| 6:06 | Queue | Militia |
| 6:06 | Queue | Militia |
| 6:28 | Build | Palisade Wall |
| 6:31 | Queue | Villager (Male) |
| 6:43 | Queue | Villager (Male) |
| 6:47 | Queue | Militia |
| 6:57 | Build | Mill |
| 6:59 | Queue | Villager (Male) |
| 7:17 | Queue | Villager (Male) |
| 7:41 | Build | Palisade Wall |
| 7:45 | Queue | Villager (Male) |
| 7:52 | Build | House |
| 8:01 | Queue | Villager (Male) |
| 8:58 | Research | Loom |
| 9:06 | Build | Palisade Wall |
| 9:15 | Build | Mining Camp |
| 9:32 | Build | Farm |
| 9:33 | Build | Farm |
| 9:33 | Queue | Villager (Male) |
| 9:37 | Research | Feudal Age |
| 11:16 | Queue | Villager (Male) |
| 11:47 | Age | Feudal Age |
| 11:50 | Build | Market |
| 11:52 | Build | Blacksmith |
| 11:53 | Queue | Villager (Male) |
| 12:19 | Queue | Villager (Male) |
| 12:34 | Build | Farm |
| 12:43 | Queue | Villager (Male) |
| 12:51 | Build | Farm |
| 13:24 | Queue | Villager (Male) |
| 13:31 | Build | Farm |
| 13:49 | Queue | Villager (Male) |
| 14:22 | Research | Castle Age |
| 15:08 | Build | Stable |
| 15:12 | Build | House |
| 15:17 | Build | Palisade Wall |
| 15:57 | Build | Farm |
| 15:58 | Queue | Villager (Male) |
| 16:02 | Research | Double-Bit Axe |
| 16:07 | Research | Horse Collar |
| 17:02 | Age | Castle Age |
| 17:03 | Queue | Steppe Lancer |
| 17:05 | Research | Bow Saw |
| 17:11 | Queue | Villager (Male) |
| 17:20 | Queue | Fire Lancer |
| 17:20 | Queue | Fire Lancer |
| 17:21 | Queue | Villager (Male) |
| 17:23 | Queue | Steppe Lancer |
| 17:48 | Queue | Steppe Lancer |
| 17:53 | Build | Farm |
| 17:55 | Build | Farm |
| 18:06 | Queue | Villager (Male) |
| 18:25 | Queue | Steppe Lancer |
| 18:28 | Queue | Fire Lancer |
| 18:33 | Build | Farm |
| 18:37 | Queue | Villager (Male) |
| 18:56 | Queue | Fire Lancer |
| 18:57 | Queue | Villager (Male) |
| 19:05 | Build | House |
| 19:09 | Queue | Villager (Male) |
| 19:38 | Build | Farm |
| 19:41 | Build | Farm |
| 19:41 | Queue | Villager (Male) |
| 19:51 | Build | Lumber Camp |
| 19:58 | Queue | Steppe Lancer |
| 20:05 | Queue | Villager (Male) |
| 20:24 | Queue | Fire Lancer |
| 20:30 | Queue | Steppe Lancer |
| 20:42 | Queue | Villager (Male) |
| 20:59 | Queue | Villager (Male) |
| 21:13 | Queue | Villager (Male) |
| 21:20 | Build | Siege Workshop |
| 21:23 | Queue | Fire Lancer |
| 21:31 | Build | House |
| 21:33 | Build | House |
| 21:48 | Build | Palisade Wall |
| 21:59 | Build | House |
| 22:05 | Build | House |
| 22:07 | Build | House |
| 22:28 | Queue | Steppe Lancer |
| 22:38 | Queue | Villager (Male) |
| 22:39 | Queue | Villager (Male) |
| 22:48 | Queue | Fire Lancer |
| 22:51 | Queue | Iron Pagoda |
| 22:52 | Build | House |
| 22:53 | Queue | Villager (Male) |
| 23:00 | Research | Scale Barding Armor |
| 23:06 | Queue | Villager (Male) |
| 23:23 | Queue | Villager (Male) |
| 23:32 | Build | Town Center |
| 23:33 | Queue | Villager (Male) |
| 23:42 | Build | House |
| 23:50 | Queue | Villager (Male) |
| 24:00 | Queue | Steppe Lancer |
| 24:15 | Queue | Villager (Male) |
| 24:23 | Queue | Villager (Male) |
| 24:28 | Build | Farm |
| 24:29 | Build | Farm |
| 24:30 | Build | Farm |
| 24:48 | Build | Farm |
| 24:50 | Build | Farm |
| 24:57 | Queue | Villager (Male) |
| 25:06 | Build | House |
| 25:07 | Build | House |
| 25:20 | Build | Farm |
| 25:22 | Build | Farm |
| 25:25 | Queue | Villager (Male) |
| 25:40 | Queue | Villager (Male) |
| 25:53 | Queue | Iron Pagoda |
| 25:54 | Queue | Villager (Male) |
| 25:59 | Build | Farm |
| 26:00 | Build | Farm |
| 26:01 | Build | Farm |
| 26:06 | Queue | Villager (Male) |
| 26:17 | Build | Mining Camp |
| 26:18 | Queue | Villager (Male) |
| 26:27 | Build | House |
| 26:31 | Queue | Villager (Male) |
| 26:55 | Queue | Iron Pagoda |
| 26:56 | Queue | Villager (Male) |
| 26:56 | Queue | Villager (Male) |
| 27:14 | Queue | Villager (Male) |
| 27:27 | Build | House |
| 27:28 | Build | House |
| 27:29 | Queue | Villager (Male) |
| 27:30 | Queue | Villager (Male) |
| 27:33 | Queue | Villager (Male) |
Build order — Sekov
First 150 of 505 actions detected
| 0:00 | Queue | Villager (Male) ×4 |
| 1:14 | Queue | Villager (Male) |
| 1:52 | Queue | Villager (Male) |
| 2:09 | Build | Lumber Camp |
| 2:23 | Queue | Villager (Male) |
| 2:46 | Queue | Villager (Male) |
| 3:04 | Queue | Villager (Male) |
| 3:04 | Queue | Villager (Male) |
| 3:52 | Queue | Villager (Male) |
| 4:15 | Queue | Villager (Male) |
| 4:16 | Queue | Villager (Male) |
| 4:43 | Queue | Villager (Male) |
| 5:09 | Queue | Villager (Male) |
| 5:33 | Queue | Villager (Male) |
| 5:46 | Build | Barracks |
| 5:58 | Queue | Villager (Male) |
| 6:17 | Research | Loom |
| 6:38 | Build | Palisade Wall |
| 6:45 | Research | Feudal Age |
| 6:47 | Queue | Militia |
| 7:18 | Queue | Militia |
| 7:18 | Queue | Militia |
| 7:34 | Build | Mining Camp |
| 8:20 | Build | Palisade Gate |
| 8:41 | Queue | Villager (Male) |
| 8:55 | Build | Mill |
| 8:57 | Queue | Villager (Male) |
| 8:59 | Age | Feudal Age |
| 9:10 | Build | Palisade Wall |
| 9:12 | Build | Palisade Wall |
| 9:13 | Build | Palisade Wall |
| 9:20 | Build | Archery Range |
| 9:24 | Build | Palisade Wall |
| 9:24 | Build | Palisade Wall |
| 9:26 | Build | Palisade Wall |
| 9:27 | Queue | Villager (Male) |
| 10:03 | Research | Man-at-Arms (upgrade) |
| 10:03 | Research | Man-at-Arms (upgrade) |
| 10:29 | Queue | Villager (Male) |
| 10:36 | Build | Palisade Gate |
| 10:40 | Build | Palisade Wall |
| 10:48 | Queue | Villager (Male) |
| 11:07 | Build | Mill |
| 11:09 | Queue | Archer |
| 11:09 | Queue | Archer |
| 11:18 | Queue | Villager (Male) |
| 11:32 | Build | Blacksmith |
| 11:46 | Queue | Archer |
| 12:03 | Queue | Villager (Male) |
| 12:09 | Build | Farm |
| 12:18 | Build | Farm |
| 12:27 | Queue | Archer |
| 12:31 | Build | Palisade Wall |
| 12:45 | Build | Palisade Wall |
| 12:46 | Queue | Villager (Male) |
| 12:49 | Queue | Archer |
| 12:58 | Build | Farm |
| 13:09 | Queue | Villager (Male) |
| 13:27 | Research | Fletching |
| 13:27 | Research | Fletching |
| 13:51 | Queue | Villager (Male) |
| 14:03 | Build | Farm |
| 14:06 | Build | Farm |
| 14:09 | Queue | Archer |
| 14:17 | Queue | Villager (Male) |
| 14:20 | Build | Farm |
| 14:32 | Build | Farm |
| 14:36 | Queue | Archer |
| 14:46 | Build | Palisade Wall |
| 14:49 | Build | Stone Wall |
| 14:54 | Queue | Villager (Male) |
| 15:05 | Research | Double-Bit Axe |
| 15:05 | Research | Double-Bit Axe |
| 15:15 | Queue | Villager (Male) |
| 15:18 | Queue | Archer |
| 15:22 | Queue | Villager (Male) |
| 15:33 | Build | Gate |
| 15:50 | Queue | Villager (Male) |
| 15:53 | Build | Farm |
| 16:04 | Research | Horse Collar |
| 16:10 | Queue | Archer |
| 16:11 | Queue | Archer |
| 16:20 | Queue | Archer |
| 16:23 | Queue | Spearman |
| 16:36 | Queue | Villager (Male) |
| 16:57 | Build | Farm |
| 16:58 | Build | Farm |
| 17:00 | Queue | Villager (Male) |
| 17:18 | Build | Farm |
| 17:19 | Queue | Villager (Male) |
| 17:31 | Build | Gate |
| 17:34 | Build | Stone Wall |
| 17:37 | Queue | Villager (Male) |
| 17:49 | Build | Lumber Camp |
| 18:08 | Queue | Archer |
| 18:18 | Queue | Villager (Male) |
| 18:31 | Build | Farm |
| 18:32 | Queue | Villager (Male) |
| 18:33 | Build | Farm |
| 18:53 | Build | Stone Wall |
| 18:58 | Build | Gate |
| 19:07 | Build | Mining Camp |
| 19:08 | Queue | Villager (Male) |
| 19:12 | Build | Farm |
| 19:23 | Queue | Archer |
| 19:23 | Queue | Archer |
| 19:33 | Queue | Villager (Male) |
| 19:55 | Build | Farm |
| 19:59 | Build | Farm |
| 20:00 | Build | Farm |
| 20:03 | Queue | Villager (Male) |
| 20:06 | Build | Farm |
| 20:43 | Research | Castle Age |
| 20:46 | Queue | Archer |
| 20:57 | Build | Archery Range |
| 21:12 | Research | Gold Mining |
| 21:13 | Research | Gold Mining |
| 21:13 | Queue | Archer |
| 21:14 | Queue | Archer |
| 21:32 | Build | Lumber Camp |
| 22:05 | Queue | Archer |
| 22:06 | Queue | Archer |
| 22:08 | Queue | Archer |
| 22:08 | Queue | Archer |
| 22:30 | Research | Wheelbarrow |
| 22:32 | Queue | Archer |
| 22:41 | Build | Farm |
| 22:57 | Research | Padded Archer Armor |
| 23:02 | Build | Farm |
| 23:02 | Build | Farm |
| 23:09 | Queue | Archer |
| 23:09 | Queue | Archer |
| 23:22 | Build | Market |
| 23:23 | Age | Castle Age |
| 23:27 | Research | Bodkin Arrow |
| 23:27 | Research | Bodkin Arrow |
| 23:47 | Build | Siege Workshop |
| 23:56 | Research | Crossbowman (upgrade) |
| 23:56 | Research | Crossbowman (upgrade) |
| 24:12 | Queue | Villager (Male) |
| 24:14 | Research | Bow Saw |
| 24:38 | Build | Stone Wall |
| 24:48 | Queue | Mangonel |
| 24:49 | Queue | Villager (Male) |
| 24:56 | Queue | Archer |
| 25:19 | Build | Farm |
| 25:21 | Queue | Villager (Male) |
| 25:21 | Queue | Villager (Male) |
| 25:23 | Queue | Archer |
| 25:23 | Queue | Archer |
Match timeline
| 4:57 | Hoppsywins · first_building Barracks |
| 5:46 | Sekov · first_building Barracks |
| 6:28 | Hoppsywins · wall_segment Palisade Wall x11 |
| 6:38 | Sekov · wall_segment Palisade Wall x15 |
| 7:41 | Hoppsywins · wall_segment Palisade Wall x10 |
| 8:59 | Sekov · age_up feudal |
| 9:06 | Hoppsywins · wall_segment Palisade Wall x23 |
| 9:10 | Sekov · wall_segment Palisade Wall x1 |
| 9:12 | Sekov · wall_segment Palisade Wall x1 |
| 9:13 | Sekov · wall_segment Palisade Wall x1 |
| 9:20 | Sekov · first_building Archery Range |
| 9:24 | Sekov · wall_segment Palisade Wall x1 |
| 9:24 | Sekov · wall_segment Palisade Wall x1 |
| 9:26 | Sekov · wall_segment Palisade Wall x1 |
| 10:40 | Sekov · wall_segment Palisade Wall x1 |
| 11:47 | Hoppsywins · age_up feudal |
| 12:31 | Sekov · wall_segment Palisade Wall x13 |
| 12:39 | Hoppsywins · first_market_sell 100 stone |
| 12:41 | Hoppsywins · first_market_buy 100 food |
| 12:45 | Sekov · wall_segment Palisade Wall x11 |
| 14:46 | Sekov · wall_segment Palisade Wall x3 |
| 14:49 | Sekov · wall_segment Stone Wall x13 |
| 15:08 | Hoppsywins · first_building Stable |
| 15:17 | Hoppsywins · wall_segment Palisade Wall x6 |
| 17:02 | Hoppsywins · age_up castle |
| 17:34 | Sekov · wall_segment Stone Wall x1 |
| 18:53 | Sekov · wall_segment Stone Wall x11 |
| 21:20 | Hoppsywins · first_building Siege Workshop |
| 21:48 | Hoppsywins · wall_segment Palisade Wall x1 |
| 23:23 | Sekov · age_up castle |
| 23:47 | Sekov · first_building Siege Workshop |
| 24:38 | Sekov · wall_segment Stone Wall x4 |
| 29:07 | Sekov · wall_segment Stone Wall x4 |
| 30:36 | Sekov · first_building Monastery |
| 30:56 | Sekov · first_market_sell 500 food |
| 34:59 | Sekov · first_building Castle |
| 37:33 | Hoppsywins · first_building Castle |
| 42:13 | Hoppsywins · wall_segment Stone Wall x28 |
| 42:46 | Hoppsywins · wall_segment Stone Wall x4 |
| 43:41 | Hoppsywins · age_up imperial |
| 44:02 | Sekov · age_up imperial |
| 44:45 | Sekov · first_building Stable |
| 48:24 | Hoppsywins · resign |
[ AI ANALYSIS · 1 CREDIT ]
What really happened in this match?
Wolo.gg analyzes every decision: build order, eco, micro, common mistakes by bracket. Personalized analysis on WhatsApp or Discord in 30 seconds.
Civ guide
Jurchens
Perfil
Jugador #456135